 Dungeon Crawl Stone Soup version 0.21-a0-104-g7b58145 (webtiles) character file.

22 Charly the Cudgeler (level 2, 0/29 HPs)
             Began as an Ogre Skald on July 5, 2017.
             Was an Initiate of Cheibriados.
             Slain by a worm (5 damage)
             ... on level 5 of the Dungeon.
             The game lasted 00:05:32 (523 turns).

Charly the Cudgeler (Ogre Skald)                     Turns: 523, Time: 00:05:33

Health: 0/29       AC:  3    Str: 15    XL:     2   Next: 91%
Magic:  1/5        EV: 10    Int: 15    God:    Cheibriados [......]
Gold:   27         SH:  0    Dex:  9    Spells: 4/5 levels left

rFire    . . .     SeeInvis .   a - +0 mace
rCold    . . .     Gourm    .   (no shield)
rNeg     . . .     Faith    .   b - +0 robe
rPois    .         Spirit   .   (helmet restricted)
rElec    .         Reflect  .   (no cloak)
rCorr    +         Harm     .   (gloves unavailable)
MR       .....                  (boots unavailable)
Stlth    +.........             (no amulet)
HPRegen  0.09/turn              h - ring of resist corrosion
MPRegen  0.09/turn              (no ring)

@: slow
A: unfitting armour, tough skin 1
a: Bend Time, Renounce Religion


You were on level 5 of the Dungeon.
You worshipped Cheibriados.
Cheibriados was noncommittal.
You were not hungry.

You visited 2 branches of the dungeon, and saw 6 of its levels.

You collected 27 gold pieces.

Inventory:

Hand Weapons
 a - a +0 mace (weapon)
Armour
 b - a +0 robe (worn)
Jewellery
 h - a ring of resist corrosion (left hand)
Scrolls
 e - 2 scrolls of teleportation {unknown}
 f - a scroll of enchant weapon {unknown}
 g - a scroll of identify {unknown}
Books
 c - a book of Battle

   Spells                             Type                      Level
   a - Infusion                       Charms                       1
   b - Shroud of Golubria             Charms/Translocation         2
   c - Song of Slaying                Charms                       2
   d - Spectral Weapon                Hexes/Charms                 3
   e - Regeneration                   Charms/Necromancy            3
Comestibles
 d - a bread ration


   Skills:
 - Level 2.6 Fighting
 + Level 3.0 Maces & Flails
 - Level 2.1 Dodging
 - Level 2.4 Spellcasting
 - Level 2.6 Charms


You had 4 spell levels left.
You knew the following spells:

 Your Spells              Type           Power        Failure   Level  Hunger
a - Infusion              Chrm           #...         7%          1    #......


Dungeon Overview and Level Annotations

Branches:
Dungeon (5/15)             Temple (1/1) D:4

Altars:
Ashenzari
Cheibriados
Gozag
Kikubaaqudgha
Ru
The Shining One

Shops:
D:4 *

Portals:
Sewer: D:5


Innate Abilities, Weirdness & Mutations

You are too large for most types of armour.
You have tough skin. (AC +1)


Message History

The worm is moderately wounded.
You hit the worm.
The worm is heavily wounded.
The worm bites you!
* * * LOW HITPOINT WARNING * * *
You hit the worm.
The worm is severely wounded.
You are no longer magically infusing your attacks.
You hit the worm.
The worm is almost dead.
The worm bites you.
* * * LOW HITPOINT WARNING * * *
You hit the worm.
The worm is almost dead.
The worm bites you.
* * * LOW HITPOINT WARNING * * *
You barely miss the worm.
The worm is almost dead.
The worm bites you.
You die...

#. #.# ..# #.##.#
..# #.##.##..# .
###.##.....#### ..
+.............>#
...#.##.##..###.###
#.......##..<....#
..#..≈#†.#..###..#
..≈≈≈≈≈.w@..# #
#≈≈≈≈≈≈≈#...#
.≈≈≈≈≈≈≈....#
.≈≈≈∩≈≈≈....#
r≈≈≈≈≈≈≈......
#≈≈≈≈≈≈≈#.#..##
..≈≈≈≈≈.......
..#≈..#..#...##


You could see a worm.

Vanquished Creatures
  An adder (D:2)
  A dart slug (D:1)
  A worm (D:5)
  A bat (D:2)
  A giant cockroach (D:2)
  A hobgoblin (D:2)
  A quokka (D:4)
  A frilled lizard (D:4)
  2 rats
10 creatures vanquished.

Notes
Turn   | Place    | Note
-------+----------+-------------------------------------------
     0 | D:1      | Charly the Ogre Skald began the quest for the Orb.
     0 | D:1      | Reached XP level 1. HP: 22/22 MP: 3/3
     8 | D:1      | Reached skill level 2 in Maces & Flails
    49 | D:2      | Reached XP level 2. HP: 12/29 MP: 0/5
   360 | D:4      | Found Kiynweug's General Store.
   382 | D:4      | Found a staircase to the Ecumenical Temple.
   387 | Temple   | Entered the Ecumenical Temple
   398 | Temple   | Became a worshipper of Cheibriados the Contemplative
   459 | D:5      | Entered Level 5 of the Dungeon
   503 | D:5      | Found a glowing drain.
   512 | D:5      | Reached skill level 3 in Maces & Flails
   523 | D:5      | Slain by a worm

Vault maps used:
D:1:      scummos_arrival_star
D:2:      uniq_crazy_yiuf_cottage
D:3:      uniq_ijyb
D:4:      cheibrodos_pilgrimage, temple_doors_e, serial_shops, shop,
          kennysheep_mini_moat, shop_fountains, kennysheep_little_box,
          minmay_misc_feat_roman, kennysheep_small_circle, uniq_edmund
D:5:      zin_academy, lemuel_crystal_altar, serial_shops, shop, first_bread,
          cheibrodos_sewer_entry_drain, uniq_grinder
Temple:   eino_temple_water

Skill      XL: |  1  2 |
---------------+-------+-----
Maces & Flails | 2 3 |  3.0
Fighting       | |  2.6
Dodging        | |  2.1
Spellcasting   | |  2.4
Charms         | |  2.6

Action                   || total
-------------------------++-------
Melee: Mace              ||    42
 Cast: Infusion          ||     4
Armor: Robe              ||    11
Dodge: Dodged            ||    18
